 Dungeon Crawl Stone Soup version 0.17.0-28-g6e173f8 (console) character file.

4406 Kloppie the Cleaver (level 10, 0/93 HPs)
             Began as a Hill Orc Fighter on Nov 22, 2015.
             Slain by an orc warrior
             ... wielding a +0 halberd
              (4 damage)
             ... on level 8 of the Dungeon.
             The game lasted 00:15:38 (9749 turns).

Kloppie the Cleaver (Hill Orc Fighter)              Turns: 9749, Time: 00:15:38

Health: 0/93       AC: 17    Str: 20    XL:     10   Next: 35%
Magic:  19/19      EV:  6    Int:  8    God:
Gold:   260        SH:  0    Dex: 13    Spells: 0 memorised, 9 levels left

rFire  . . .     SeeInvis .     u - +0 battleaxe
rCold  + . .     Clarity  .     w - +0 plate armour
rNeg   . . .     SustAt   .     (shield currently unavailable)
rPois  .         Gourm    .     (no helmet)
rElec  .         Spirit   .     r - +0 cloak
rCorr  .         Warding  .     (no gloves)
rMut   .         Stasis   .     y - +1 pair of boots
MR     .....                    (no amulet)
Stlth  ..........               v - ring of protection from cold
                                B - ring of magical power

@: not resistant to hostile enchantments, extremely unstealthy
A: no striking features
a: no special abilities


You were on level 8 of the Dungeon.
You were hungry.

You visited 2 branches of the dungeon, and saw 11 of its levels.

You collected 429 gold pieces.
You spent 169 gold pieces at shops.

Inventory:

Hand Weapons
 a - a +0 war axe
 u - a +0 battleaxe (weapon)
Armour
 c - a +0 shield
 r - a +0 cloak (worn)
 w - a +0 plate armour (worn)
 y - a +1 pair of boots (worn)
Jewellery
 v - a ring of protection from cold (right hand)
 B - a ring of magical power (left hand)
Wands
 b - a wand of fire (11)
 d - a wand of enslavement (17)
 F - a wand of frost (22)
Scrolls
 g - 7 scrolls of identify
 h - 3 scrolls of immolation {unknown}
 i - a scroll of fog {unknown}
 j - 6 scrolls of teleportation {unknown}
 k - 2 scrolls of fear {unknown}
 l - 3 scrolls of noise {unknown}
 n - 2 scrolls of amnesia {unknown}
 q - 4 scrolls of remove curse {unknown}
 t - 2 scrolls of magic mapping {unknown}
 D - a scroll of vulnerability {unknown}
 G - a scroll of recharging {unknown}
Potions
 m - 5 potions of curing
 p - 3 potions of flight
 s - 2 potions of resistance
 x - 2 potions of haste {unknown}
 z - a potion of lignification {unknown}
 C - a potion of cancellation {unknown}
 E - a potion of degeneration {unknown}
Comestibles
 e - 7 bread rations
 f - 5 meat rations
 o - a royal jelly
 A - 5 beef jerkies


   Skills:
 - Level 10.2 Fighting
 + Level 13.4 Axes
 + Level 8.1 Armour
 - Level 3.2 Shields


You had 9 spell levels left.
You didn't know any spells.

Dungeon Overview and Level Annotations

Branches:
Dungeon (10/15)            Temple (1/1) D:4            Lair (0/8) D:8
    Orc: D:9-12

Altars:
Ashenzari
Cheibriados
Dithmenos
Fedhas
Gozag
Kikubaaqudgha
Nemelex Xobeh
Qazlal
Ru
Sif Muna
Vehumet
Yredelemnul
Zin
The Shining One
Beogh

Shops:
D:5 [%=[   D:6 *   D:9 [

Annotations:
D:3 Potsanchik's ghost, amateur SpGl


Message History

The orc warrior is almost dead.
The orc warrior hits you with a glaive!
* * * LOW HITPOINT WARNING * * *
The orc warrior hits you with a halberd!
* * * LOW HITPOINT WARNING * * *
The orc warrior hits you from afar with a glaive!
* * * LOW HITPOINT WARNING * * *
The orc warrior hits you from afar with a halberd.
* * * LOW HITPOINT WARNING * * *
Drink which item? (? for menu, Esc to quit)
Okay, then.
Read which item? (? for menu, Esc to quit)
Okay, then.
Read which item? (? for menu, Esc to quit)
Okay, then.
Drink which item? (? for menu, Esc to quit)
Okay, then.
As you open the door, it creaks loudly!
The orc warrior hits you from afar with a halberd.
You die...

#########
##########.......##############
.........#.......#............#
.........#.......#......[.....#
.........#....!..#............#
.........#.......#.....[......#
.........#.......#............#
.........#.......'............#
.........#......@#............#
.##...##.#.......###..#.##....#
###...#########.oo..######....#
.#....#.......#.....# #.....#
.#....#.......#.....# #..<..#
.#....#.......#.....# #.....#
.#....'.......#.....# #.....#
.###'####.....#.....######....#
.##...###.....#........# ######


You could see 2 orc warriors.

Vanquished Creatures
  A troll (D:9)
  Eustachio (D:6)
  A hungry ghost (D:7)
  Duvessa (D:5)
  An ice beast (D:5)
  A black bear (D:9)
  A sky beast (D:5)
  5 orc warriors
  7 ogres
  3 centaurs
  7 giant frogs
  A big kobold (D:9)
  A gnoll sergeant (D:4)
  Dowan (D:5)
  A wyvern skeleton (D:9)
  2 scorpions
  5 crimson imps
  A centaur zombie (D:8)
  2 hounds
  7 wights
  4 orc wizards
  A gnoll shaman (D:6)
  2 giant frog zombies
  A giant frog skeleton (D:6)
  5 orc priests
  2 jellies
  5 worker ants
  A centaur skeleton (D:5)
  An iguana (D:5)
  7 gnolls
  10 adders
  2 oozes
  An adder skeleton (D:8)
  2 worms
  6 giant geckos
  35 orcs
  2 ball pythons
  5 giant cockroaches
  8 hobgoblins
  5 jackals
  11 kobolds
  3 quokkas
  7 bats
  6 giant newts
  11 goblins
  A jackal zombie (D:5)
  2 quokka skeletons
  A quokka zombie (D:8)
  10 rats
  2 rat zombies (D:6)
209 creatures vanquished.

Vanquished Creatures (others)
  2 plants (D:8)
2 creatures vanquished.

Grand Total: 211 creatures vanquished

Notes
Turn   | Place    | Note
--------------------------------------------------------------
     0 | D:1      | Kloppie the Hill Orc Fighter began the quest for the Orb.
     0 | D:1      | Reached XP level 1. HP: 19/19 MP: 1/1
   108 | D:1      | Reached XP level 2. HP: 18/27 MP: 2/2
   222 | D:1      | Reached skill level 4 in Fighting
   376 | D:1      | Reached XP level 3. HP: 34/34 MP: 3/3
  1112 | D:2      | Found a glowing silver altar of Zin.
  1113 | D:2      | Noticed an angel
  1217 | D:3      | Reached XP level 4. HP: 26/41 MP: 4/4
  1220 | D:3      | Reached skill level 5 in Fighting
  1253 | D:3      | Noticed Potsanchik's ghost (amateur SpGl)
  1888 | D:3      | Found a stormy altar of Qazlal.
  1897 | D:3      | Found a blossoming altar of Fedhas.
  2006 | D:4      | Found a staircase to the Ecumenical Temple.
  2046 | Temple   | Entered the Ecumenical Temple
  2138 | D:4      | Reached skill level 5 in Axes
  2138 | D:4      | Reached XP level 5. HP: 49/49 MP: 5/5
  2240 | D:4      | Noticed a gnoll sergeant
  2310 | D:4      | Killed a gnoll sergeant
  2310 | D:4      | Reached skill level 6 in Fighting
  2472 | D:4      | Reached XP level 6. HP: 49/57 MP: 6/6
  2684 | D:4      | Found a snail-covered altar of Cheibriados.
  2882 | D:5      | Entered Level 5 of the Dungeon
  2882 | D:5      | Found Ninihulatri's Antique Armour Shop.
  2901 | D:5      | Bought a pair of runed boots for 139 gold pieces
  3078 | D:5      | Reached skill level 7 in Fighting
  3117 | D:5      | Found Penaeresch's Food Emporium.
  3130 | D:5      | Reached XP level 7. HP: 59/66 MP: 7/7
  3158 | D:5      | Found Niebit's Jewellery Emporium.
  3162 | D:5      | Bought a cursed amulet of inaccuracy for 30 gold pieces
  3198 | D:5      | Found a shattered altar of Ashenzari.
  3258 | D:5      | Noticed Dowan
  3261 | D:5      | Noticed Duvessa
  3437 | D:5      | Killed Duvessa
  3437 | D:5      | Reached skill level 8 in Axes
  3460 | D:5      | Killed Dowan
  3705 | D:5      | Found a sacrificial altar of Ru.
  3754 | D:5      | Reached XP level 8. HP: 43/75 MP: 8/8
  4011 | D:5      | Found a shattered altar of Ashenzari.
  4075 | D:5      | Found Qyamnoemig's Antique Armour Shoppe.
  4133 | D:5      | Found a sacrificial altar of Ru.
  4332 | D:6      | Reached skill level 9 in Axes
  4594 | D:6      | Noticed Eustachio
  4669 | D:6      | Killed Eustachio
  4669 | D:6      | Reached skill level 10 in Axes
  4919 | D:5      | Reached skill level 10 in Fighting
  5137 | D:6      | Reached XP level 9. HP: 55/85 MP: 9/9
  5397 | D:6      | Reached skill level 11 in Axes
  5401 | D:6      | Found Viohait's Elemental Accessories.
  5580 | D:6      | Found an ancient bone altar of Kikubaaqudgha.
  6199 | D:7      | Reached skill level 5 in Armour
  6940 | D:8      | Found a glowing golden altar of the Shining One.
  7078 | D:8      | Found a staircase to the Lair.
  7080 | D:8      | Noticed a komodo dragon
  7205 | D:8      | Reached skill level 12 in Axes
  7210 | D:8      | Found a radiant altar of Vehumet.
  7714 | D:9      | Reached XP level 10. HP: 14/93 MP: 10/10
  7728 | D:9      | HP: 4/93 [poisoned by an orc wizard]
  7733 | D:9      | HP: 4/93 [poisoned by an orc wizard]
  7740 | D:9      | HP: 3/93 [poisoned by an orc wizard]
  7748 | D:9      | HP: 3/93 [poisoned by an orc wizard]
  8264 | D:9      | Found Gayghahi's Antique Armour Shoppe.
  8274 | D:9      | You fall through a shaft!
  8274 | D:10     | Entered Level 10 of the Dungeon
  8595 | D:9      | Reached skill level 13 in Axes
  9491 | D:9      | Found a roughly hewn altar of Beogh.
  9740 | D:8      | HP: 2/93 [orc warrior/halberd (4)]
  9749 | D:8      | Slain by an orc warrior

Action                   |  1- 3 |  4- 6 |  7- 9 | 10-12 || total
-------------------------+-------+-------+-------+-------++-------
Melee: War axe           |   134 |   185 |   212 |       ||   531
       Battleaxe         |       |       |   180 |   111 ||   291
  Use: Potion            |       |     1 |     2 |       ||     3
       Scroll            |       |     6 |       |       ||     6
 Stab: Paralysed         |       |       |     1 |       ||     1
  Eat: Chunk             |     1 |     7 |    10 |     2 ||    20
       Fruit             |       |       |     3 |       ||     3
       Meat ration       |       |       |     1 |       ||     1
       Beef jerky        |       |       |     1 |       ||     1
       Bread ration      |       |       |       |     1 ||     1
